 Dungeon Crawl Stone Soup version 0.19-a0-1875-g4fea3da (webtiles) character file.

97 Alarkh the Charmwright (level 4, -5/29 HPs)
             Began as a Mummy Skald on Oct 13, 2016.
             Was a Follower of Hepliaklqana.
             Killed from afar by Ijyb (16 damage)
             ... with a wand of flame
             ... on level 3 of the Dungeon.
             The game lasted 00:03:29 (2303 turns).

Alarkh the Charmwright (Mummy Skald)                Turns: 2303, Time: 00:03:29

Health: -5/29      AC:  3    Str: 15    XL:     4   Next: 42%
Magic:  7/8        EV: 11    Int: 12    God:    Hepliaklqana [*.....]
Gold:   136        SH:  0    Dex: 11    Spells: 4 memorised, 0 levels left

rFire  x . .     SeeInvis .     a - +0 spear
rCold  + . .     Gourm    .     b - +0 leather armour
rNeg   + + +     Faith    .     (no shield)
rPois  ∞         Spirit   .     (no helmet)
rElec  .         Dismiss  .     (no cloak)
rCorr  .         Reflect  .     (no gloves)
MR     .....     Harm     .     (no boots)
Stlth  +.........               (no amulet)
                                (no ring)
                                (no ring)

@: infused
A: no food or potions, fire vulnerability, reduced essence, cold resistance 1,
negative energy resistance 3, torment resistance, unbreathing
a: Recall Ancestor, Ancestor Identity, Renounce Religion


You were on level 3 of the Dungeon.
You worshipped Hepliaklqana.
Hepliaklqana was aware of your devotion.
You were not hungry.

You visited 1 branch of the dungeon, and saw 3 of its levels.

You collected 136 gold pieces.

Inventory:

Hand Weapons
 a - a +0 spear (weapon)
Armour
 b - a +0 leather armour (worn)
Scrolls
 d - a scroll of amnesia
 e - 3 scrolls of identify
 g - a scroll of immolation
 h - a scroll of enchant weapon {unknown}
 i - 2 scrolls of fear {unknown}
 j - a scroll of enchant armour {unknown}
Books
 c - a book of Battle

   Spells                             Type                      Level
   a - Infusion                       Charms                       1
   b - Shroud of Golubria             Charms/Translocation         2
   c - Song of Slaying                Charms                       2
   d - Spectral Weapon                Hexes/Charms                 3
   e - Regeneration                   Charms/Necromancy            3


   Skills:
 - Level 2.0 Fighting
 + Level 2.5 Polearms
 - Level 0.7 Armour
 - Level 0.7 Dodging
 + Level 2.7 Spellcasting
 + Level 3.3 Charms


You couldn't memorise any spells.
You knew the following spells:

 Your Spells              Type           Power        Failure   Level  Hunger
a - Infusion              Chrm           #...         10%         1    N/A
b - Shroud of Golubria    Chrm/Tloc      #.........   28%         2    N/A
c - Spectral Weapon       Hex/Chrm       #.......     56%         3    N/A
d - Song of Slaying       Chrm           #.......     12%         2    N/A

Dungeon Overview and Level Annotations

Branches:
Dungeon (3/15)

Altars:
Fedhas
Hepliaklqana

Annotations:
D:2 1 runed door
D:3 Ijyb


Innate Abilities, Weirdness & Mutations

You do not eat or drink.
Your flesh is vulnerable to fire.
You are immune to poison.
Your flesh is cold resistant. (rC+)
You are immune to negative energy. (rN+++)
You are immune to unholy pain and torment.
You can survive without breathing.
Your life essence is reduced. (-10% HP)


Message History

Ijyb misses Caesarion.
Caesarion hits Ijyb.
Attack whom?
Press: ? - help, Dir - move target cursor, f/p - Ijyb
Aim: Ijyb, carrying a wand of flame {zapped: 3} (heavily wounded)
You could not reach far enough!
Ijyb zaps a wand.
The puff of flame hits Caesarion.
Caesarion resists.
Caesarion barely misses Ijyb.
Attack whom?
Press: ? - help, Dir - move target cursor, f/p - Ijyb
Aim: Ijyb, carrying a wand of flame {zapped: 4} (heavily wounded)
You could not reach far enough!
Ijyb hits Caesarion.
Caesarion misses Ijyb.
Attack whom?
Press: ? - help, Dir - move target cursor, f/p - Ijyb
Aim: Ijyb, carrying a wand of flame {zapped: 4} (heavily wounded)
You could not reach far enough!
Ijyb zaps a wand.
The puff of flame misses Caesarion.
The puff of flame hits you! The fire burns you terribly!
Ouch! That really hurt!
You die...

#...# ##### #... #...#
#...# #..[
#...######...###.(.
+...'........'.....
#...######...###.#.
#####...# #...# #...
#.......# #########..
#......## ...........
##.....@#####.........#.
+....?..R.............+.
##.......g..#.........#.
#..........#########...
#..........# .......#.
#####......# .......#.
#......# .......#.
#(.....# .......#.
#......# .......#.


You could see the friendly Caesarion the ancestor and Ijyb.

Vanquished Creatures
  A gnoll (D:1)
  3 adders
  2 worms (D:2)
  A leopard gecko (D:3)
  A ball python (D:1)
  2 giant cockroaches
  6 goblins
  5 hobgoblins
  3 jackals
  5 bats
  4 frilled lizards
  4 kobolds
  8 rats
45 creatures vanquished.

Vanquished Creatures (collateral kills)
  An ooze (D:2)
  A leopard gecko (D:3)
  A hobgoblin (D:1)
  2 jackals (D:3)
5 creatures vanquished.

Grand Total: 50 creatures vanquished

Notes
Turn   | Place    | Note
-------+----------+-------------------------------------------
     0 | D:1      | Alarkh the Mummy Skald began the quest for the Orb.
     0 | D:1      | Reached XP level 1. HP: 16/16 MP: 3/3
   195 | D:2      | Reached XP level 2. HP: 10/22 MP: 0/5
   246 | D:2      | Learned a level 2 spell: Shroud of Golubria
   425 | D:2      | Found a runed door.
   504 | D:2      | Found a blossoming altar of Fedhas.
   706 | D:2      | Reached XP level 3. HP: 25/27 MP: 4/6
   864 | D:2      | Found a hazy altar of Hepliaklqana.
   870 | D:2      | Became a worshipper of Hepliaklqana the Forgotten
  1166 | D:2      | Reached skill level 3 in Charms
  1803 | D:2      | Reached XP level 4. HP: 25/29 MP: 7/7
  2029 | D:3      | Learned a level 3 spell: Spectral Weapon
  2078 | D:3      | Learned a level 2 spell: Song of Slaying
  2189 | D:3      | Reached * piety under Hepliaklqana
  2286 | D:3      | Noticed Ijyb
  2303 | D:3      | Killed from afar by Ijyb

Vault maps used:
D:1:      dpeg_arrival_tiny_g
D:2:      lemuel_round_altar, nicolae_overflow_crystal_walls,
          uniq_crazy_yiuf_cottage
D:3:      grunt_temple_overflow_champion_of_chaos, uniq_iyjb

Skill      XL: |  1  2  3 |
---------------+----------+-----
Polearms       | 2 |  2.5
Charms         | 3 |  3.3
Fighting       | |  2.0
Armour         | |  0.7
Dodging        | |  0.7
Spellcasting   | |  2.7

Action                   |  1- 3 |  4- 6 || total
-------------------------+-------+-------++-------
Melee: Spear             |   127 |    31 ||   158
 Cast: Infusion          |    13 |     1 ||    14
       Song of Slaying   |       |     1 ||     1
  Use: Scroll            |       |     4 ||     4
 Stab: Sleeping          |       |     1 ||     1
Armor: Leather armour    |    28 |     3 ||    31
Dodge: Dodged            |    62 |    17 ||    79
